 Dungeon Crawl Stone Soup version 0.29.1-15-g9cfb28693d (webtiles) character file.

Game seed: 6134106441701443166

2493 croobank the Sneak (level 9, -10/59 HPs)
             Began as an Octopode Summoner on Feb 26, 2023.
             Was an Initiate of Gozag.
             Killed by an exploding themself (21 damage)
             ... ignited by their inner flame
             ... on level 7 of the Dungeon on Feb 27, 2023.
             The game lasted 00:27:02 (6964 turns).

croobank the Sneak (Octopode Summoner)              Turns: 6964, Time: 00:27:03

Health: -10/59     AC:  8    Str:  7    XL:     9   Next: 52%
Magic:  16/16      EV: 15    Int: 21    God:    Gozag
Gold:   259        SH:  0    Dex: 13    Spells: 4/17 levels left

rFire   + . .      SeeInvis .   a - +0 dagger (protect)
rCold   + . .      Faith    .   (no shield)
rNeg    . . .      Spirit   .   (helmet restricted)
rPois   +          Reflect  .   m - amulet of magic regeneration
rElec   +          Harm     .   (no ring)
rCorr   +          Rampage  .   (no ring)
Will    .....                   (no ring)
Stlth   ++++......              (no ring)
HPRegen 0.19/turn               (no ring)
MPRegen 0.55/turn               (no ring)
                                (no ring)
                                (no ring)

@: resistant, gold aura, under a protective aura
A: almost no armour, amphibious, 8 rings, camouflage 1, gelatinous body 1,
(nimble swimmer 1), tentacles
a: Renounce Religion, Potion Petition, Call Merchant, Bribe Branch


You were on level 7 of the Dungeon.
You worshipped Gozag.
Gozag was aware of your devotion.
You visited 2 branches of the dungeon, and saw 8 of its levels.

You collected 384 gold pieces.
You paid 125 gold pieces to Gozag.

Inventory:

Hand Weapons
 a - a +0 dagger of protection (weapon)
 b - a +0 sling
 g - a +0 short sword
 i - a +0 trident
 s - a +0 broad axe
Missiles
 k - 2 boomerangs (quivered)
 p - 6 poisoned darts
Jewellery
 m - an amulet of magic regeneration (around mantle)
Wands
 f - a wand of light (2)
Scrolls
 c - 7 scrolls of teleportation
 d - 5 scrolls of enchant armour
 l - a scroll of vulnerability
 n - 4 scrolls of identify
 v - a scroll of brand weapon
Potions
 h - a potion of might
 j - a potion of magic
 o - 2 potions of cancellation
 r - a potion of berserk rage
 t - 2 potions of heal wounds
 u - a potion of curing
 w - a potion of mutation {unknown}


   Skills:
 + Level 4.4 Fighting
 + Level 5.1 Dodging
 + Level 7.4 Stealth
 + Level 4.8 Spellcasting
 + Level 4.2 Hexes
 + Level 6.3 Summonings
 * Level 4.4 Air Magic


You had 4 spell levels left.
You knew the following spells:

 Your Spells              Type           Power      Damage    Failure   Level
a - Summon Small Mammal   Summ           100%       N/A       1%          1
b - Call Imp              Summ           31%        N/A       1%          2
c - Call Canine Familiar  Summ           31%        N/A       2%          3
d - Summon Guardian Gole  Hex/Summ       27%        N/A       3%          3
e - Summon Lightning Spi  Summ/Air       27%        N/A       12%         4

Your spell library contained the following spells:

 Spells                   Type           Power      Damage    Failure   Level
 Confusing Touch          Hex            22%        N/A       6%          3
 Scorch                   Fire           10%        2d5       17%         2
 Flame Wave               Conj/Fire      5%         2d5       73%         4
 Summon Cactus Giant      Summ           15%        N/A       77%         6
 Yara's Violent Unravell  Hex/Tmut       6%         3d5       78%         5
 Enfeeble                 Hex            11%        N/A       100%        7


Dungeon Overview and Level Annotations

Branches:
Dungeon (7/15)             Temple (1/1) D:6

Altars:
Ashenzari
Cheibriados
Elyvilon
Fedhas
Gozag
Kikubaaqudgha
Makhleb
Nemelex Xobeh
Okawaru
Qazlal
Ru
Sif Muna
Trog
Vehumet
Wu Jian
Xom
Yredelemnul
Zin
The Shining One


Innate Abilities, Weirdness & Mutations

You cannot wear most types of armour.
You are amphibious.
You can wear up to eight rings at the same time.
Your skin changes colour to match your surroundings (Stealth+).
Your rubbery body absorbs attacks. (AC +1, EV +1)
((You are camouflaged when in or above water. (Stealth+)))
You have tentacles for arms and can constrict up to eight enemies at once.


Message History

Your guardian golem overheats!
Okay, then.
You feel protected.
You constrict the hound.
The gnoll sergeant hits you from afar with a +0 trident.
The gnoll barely misses you.
The gnoll hits your guardian golem with a +0 club.
Flame seeps out of your guardian golem. The orc closely misses you.
The orc hits your guardian golem with a +0 hand axe.
Flame seeps out of your guardian golem. The orc warrior barely misses you.
The orc warrior completely misses your guardian golem.
The hound bites you.
Your guardian golem is engulfed in blazing flames.
Flame seeps out of your guardian golem.
As you read the scroll labelled XAORIT REDINK, it crumbles to dust.
The creatures around you are filled with an inner flame!
It was a scroll of immolation.
You constrict the hound.
Flame seeps out of the hound.
The hound is engulfed in blazing flames.
The hound explodes!
The fiery explosion engulfs you! You resist.
The fiery explosion engulfs the orc!
The orc explodes!
The fiery explosion engulfs your guardian golem!
Your guardian golem resists.
Your guardian golem disappears in a puff of smoke!
The fiery explosion engulfs you! You resist.
The fiery explosion engulfs the gnoll!!!
The gnoll explodes!
The fiery explosion engulfs you! You resist.
* * * LOW HITPOINT WARNING * * *
The fiery explosion engulfs the gnoll!!!
The gnoll explodes!
The fiery explosion engulfs the gnoll!
The gnoll explodes!
Your guardian golem explodes!
The fiery explosion engulfs the orc warrior!!!
The fiery explosion engulfs the gnoll sergeant!!!
The fiery explosion engulfs you!! You resist.
You die...
Your body crumbles into a pile of gold.

#.......#
#.......#
#.......#
#......<#
####.#### #.#
#########
#.####.#
#§§......
#.$....###○###
###.###g§@§§.#.#.
.. #o#○§§$.$.$.
#. #.)#§#..$#.#
.. #○.#§§...# #
#..#§§.....
#.......####
#........#
#....##$$..
..#g.# ....


You could see a gnoll (inner flame) and an orc (inner flame).

Vanquished Creatures
  Grinder (D:3)
  A black bear (D:5)
  A bullfrog (D:7)
  2 scorpions
  5 hounds
  2 jellies (D:6)
  Natasha (D:3)
  2 orc wizards
  4 iguanas (D:5)
  8 gnolls
  3 adders
  3 dart slugs
  7 orcs
  A bat (D:2)
  4 endoplasms
  2 giant cockroaches (D:4)
  4 goblins
  8 kobolds
  3 quokkas
  5 ball pythons
  3 frilled lizards
  2 rats (D:3)
72 creatures vanquished.

Vanquished Creatures (collateral kills)
  Prince Ribbit (D:6)
  A steam dragon (D:6)
  2 black bears
  An ice beast (D:6)
  An ogre (D:5)
  A bullfrog (D:5)
  A scorpion (D:6)
  An orc priest (D:4)
  2 hounds (D:5)
  2 jellies (D:4)
  2 iguanas (D:4)
  Natasha (twice) (D:3)
  5 orc wizards
  6 gnolls
  4 adders
  A nameless horror (D:2)
  2 worms (D:2)
  2 dart slugs (D:1)
  5 orcs
  2 endoplasms
  3 giant cockroaches
  2 goblins (D:1)
  2 hobgoblins
  A kobold (D:4)
  A quokka (D:4)
  5 ball pythons
  2 bats (D:1)
  A frilled lizard (D:1)
  4 rats
65 creatures vanquished.

Vanquished Creatures (others)
  A black bear (D:4)
  An orc warrior (D:7)
  An ogre (D:4)
  A gnoll sergeant (D:7)
  An orc wizard (D:4)
  A gnoll (D:4)
  2 dart slugs
  An orc (D:4)
  A plant (D:5)
  3 withered plants (D:5)
13 creatures vanquished.

Grand Total: 150 creatures vanquished

Notes
Turn   | Place    | Note
-------+----------+-------------------------------------------
     0 | D:1      | croobank the Octopode Summoner began the quest for the Orb.
     0 | D:1      | Reached XP level 1. HP: 11/11 MP: 3/3
   411 | D:1      | Reached skill level 3 in Stealth
   461 | D:1      | Reached XP level 2. HP: 17/17 MP: 0/5
   464 | D:1      | Learned a level 2 spell: Call Imp
  1370 | D:2      | Reached XP level 3. HP: 21/21 MP: 6/6
  1378 | D:2      | Learned a level 3 spell: Call Canine Familiar
  1419 | D:2      | Found an iron altar of Okawaru.
  1600 | D:2      | Reached skill level 1 in Fighting
  1600 | D:2      | Reached XP level 4. HP: 26/28 MP: 1/7
  2373 | D:3      | Noticed Natasha
  2376 | D:3      | HP: 1/28 [Natasha/bolt of light (22)]
  2383 | D:3      | Killed Natasha
  2384 | D:3      | Reached skill level 4 in Stealth
  2469 | D:3      | Noticed Natasha
  2479 | D:3      | Killed Natasha
  2480 | D:3      | Reached XP level 5. HP: 11/33 MP: 5/9
  2916 | D:3      | Noticed Natasha
  2920 | D:3      | Killed Natasha
  2921 | D:3      | Reached skill level 1 in Hexes
  3004 | D:3      | Noticed Grinder
  3182 | D:4      | Learned a level 3 spell: Summon Guardian Golem
  3200 | D:4      | Noticed a black bear
  3206 | D:4      | Killed a black bear
  3207 | D:4      | Reached XP level 6. HP: 35/39 MP: 8/10
  3401 | D:4      | Reached skill level 5 in Stealth
  3600 | D:4      | Noticed a black bear
  3621 | D:4      | Killed a black bear
  3622 | D:4      | Reached skill level 5 in Summonings
  3622 | D:4      | Reached XP level 7. HP: 45/45 MP: 10/12
  3902 | D:4      | Learned a level 4 spell: Summon Lightning Spire
  4259 | D:3      | Killed Grinder
  4260 | D:3      | Reached skill level 6 in Stealth
  4260 | D:3      | Reached skill level 1 in Air Magic
  4260 | D:3      | Reached XP level 8. HP: 52/52 MP: 6/13
  4988 | D:5      | Entered Level 5 of the Dungeon
  5000 | D:5      | Found a blossoming altar of Fedhas.
  5003 | D:5      | Found an ancient bone altar of Kikubaaqudgha.
  5522 | D:5      | Reached XP level 9. HP: 58/58 MP: 15/15
  6066 | D:6      | Reached skill level 7 in Stealth
  6351 | D:6      | Found a staircase to the Ecumenical Temple.
  6360 | Temple   | Entered the Ecumenical Temple
  6396 | Temple   | Became a worshipper of Gozag Ym Sagoz the Greedy
  6665 | D:6      | Noticed Prince Ribbit
  6691 | D:6      | Killed Prince Ribbit
  6692 | D:6      | Reached skill level 5 in Dodging
  6874 | D:6      | Found an ornate altar of the Wu Jian Council.
  6875 | D:6      | Found a shimmering altar of Xom.
  6876 | D:6      | Found a stormy altar of Qazlal.
  6876 | D:6      | Found a bloodstained altar of Trog.
  6964 | D:7      | Killed by an exploding themself... ignited by their inner
                  | flame

Illustrated notes

Levels and vault maps discovered:
D:1:      arrival_zaba_pyramid, layout_basic
D:2:      layout_basic, basic_altar, solitary_fountain
D:3:      layout_basic, uniq_grinder, uniq_natasha
D:4:      layout_loops_ring
D:5:      layout_loops_ring, grunt_temple_overflow_growth_and_decay,
          minivault_26
D:6:      layout_basic, mainiacjoe_overflow_alcove_3, temple_hall, st_stairs_13,
          uniq_prince_ribbit1
D:7:      layout_loops_cross, grunt_dithmenos_smoke, minmay_joined_circles
Temple:   cyrus_circular_temple

Skill      XL: |  1  2  3  4  5  6  7  8  9 |
---------------+----------------------------+-----
Stealth        | 3 4 5 6 7 |  7.4
Fighting       | 1 2 3 4 |  4.4
Hexes          | 1 2 3 4 |  4.2
Dodging        | 3 4 5 |  5.1
Spellcasting   | 3 4 |  4.8
Summonings     | 5 6 |  6.3
Air Magic      | 1 3 4 |  4.4

Action                   |  1- 3 |  4- 6 |  7- 9 || total
-------------------------+-------+-------+-------++-------
Melee: Unarmed           |     3 |       |       ||     3
       Dagger            |    23 |    31 |   119 ||   173
       Tentacles         |     7 |     6 |    29 ||    42
       Constrict         |     6 |     8 |    28 ||    42
       Punch             |       |     1 |     3 ||     4
 Cast: Summon Small Mamm |    32 |     5 |    25 ||    62
       Call Imp          |     7 |     4 |     9 ||    20
       Call Canine Famil |     1 |    12 |    27 ||    40
       Summon Guardian G |       |     2 |    12 ||    14
       Summon Lightning  |       |       |     2 ||     2
  Use: Scroll            |       |     9 |     6 ||    15
       Potion            |       |     4 |     1 ||     5
 Stab: Distracted        |     2 |       |     1 ||     3
       Sleeping          |     5 |    12 |    15 ||    32
Armor: Skin              |       |     6 |    26 ||    32
Dodge: Dodged            |    13 |    14 |    78 ||   105
